 Dungeon Crawl Stone Soup version 0.31.0-12-g77e489cdc1 (webtiles) character file.

Game seed: 5025343730215321811

131450 sking99 the Brawler (level 16, -1/165 HPs)
             Began as a Troll Monk on Mar 1, 2024.
             Was a High Priest of Makhleb.
             Slain by a tentacled starspawn (7 damage)
             ... summoned by Mlioglotl
             ... on level 1 of the Swamp on Mar 2, 2024.
             The game lasted 01:00:26 (21921 turns).

sking99 the Brawler (Troll Monk)                   Turns: 21921, Time: 01:00:27

Health: -1/165     AC: 16    Str: 31    XL:     16   Next: 55%
Magic:  23/25      EV:  7    Int:  6    God:    Makhleb [*****.]
Gold:   3563       SH: 20    Dex: 18    Spells: 15/15 levels left

rFire   . .          .
                       - Unarmed
rCold   + . .        E - +2 tower shield
rNeg    . . .        N - +0 acid dragon scales
rPois   .            H - +0 hat {Stlth+}
rElec   +            A - +1 cloak {Will+}
rCorr   +            (gloves unavailable)
SInv    .            (boots unavailable)
Will    ++...        F - amulet of Ziuzxu Tehir {RegenMP Rampage rElec Str+2 Dex+3}
Stlth   ++           q - ring of the King {Wiz rC+ Dex+3}
HPRegen 1.27/turn    B - +4 ring of protection
MPRegen 0.59/turn

%: rampage, wizardry (x1)
@: mighty, afraid, constricted, studying Translocations
A: large, unfitting armour, claws 3, regeneration 1, shaggy fur 1, tough skin 1
a: Renounce Religion, Minor Destruction, Lesser Servant of Makhleb, Major
Destruction, Greater Servant of Makhleb


You were on level 1 of the Swamp.
You worshipped Makhleb.
Makhleb was extremely pleased with you.
You visited 5 branches of the dungeon, and saw 24 of its levels.
You also visited: Sewer, Bailey and Ice Cave.

You collected 5083 gold pieces.
You spent 1520 gold pieces at shops.

Inventory:

Missiles
 v - 10 throwing nets (quivered)
Armour
 A - a +1 cloak of willpower (worn)
 E - a +2 tower shield (worn)
 H - a +0 hat of stealth (worn)
 N - +0 acid dragon scales (worn)
Jewellery
 a - the ring of Arrival {+Blink Fly}
   (You found it on level 5 of the Lair of Beasts)

   [ring of flight]

   Fly:       It grants you flight.
   +Blink:    It lets you blink.
 q - the ring of the King (left claw) {Wiz rC+ Dex+3}
   (You found it in a bailey)

   [ring of wizardry]

   Wiz:       It improves your spell success rate.
   Dex+3:     It affects your dexterity (+3).
   rC+:       It protects you from cold.
 s - a ring of see invisible
 z - an amulet of regeneration
 B - a +4 ring of protection (right claw)
 F - the amulet of Ziuzxu Tehir (around neck) {RegenMP Rampage rElec Str+2 Dex+3}
   (You found it in a bailey)

   [amulet of magic regeneration]

   RegenMP:   It increases your rate of magic regeneration.
   Str+2:     It affects your strength (+2).
   Dex+3:     It affects your dexterity (+3).
   rElec:     It insulates you from electricity.
   Rampage:   It bestows one free step when moving towards enemies.
 U - an amulet of guardian spirit
 W - a +5 ring of evasion
 X - a ring of protection from fire
Wands
 m - a wand of flame (33)
 D - a wand of roots (29)
 K - a wand of paralysis (11)
 M - a wand of light (8)
 P - a wand of polymorph (6)
Scrolls
 c - 2 scrolls of butterflies
 e - 6 scrolls of vulnerability
 f - 5 scrolls of noise
 i - 6 scrolls of fear
 j - 6 scrolls of teleportation
 n - 4 scrolls of identify
 y - 3 scrolls of fog
 C - 2 scrolls of torment
 G - 5 scrolls of poison
 J - 4 scrolls of blinking
 O - a scroll of amnesia
 Q - a scroll of brand weapon
 R - 4 scrolls of revelation
 S - 2 scrolls of silence
 T - 5 scrolls of immolation
 V - 2 scrolls of enchant weapon
Potions
 b - 2 potions of ambrosia
 d - 3 potions of degeneration
 g - 7 potions of mutation
 h - 7 potions of attraction
 k - 3 potions of enlightenment
 l - a potion of invisibility
 o - 6 potions of heal wounds
 p - a potion of haste
 r - a potion of cancellation
 t - 2 potions of magic
 u - a potion of brilliance
 w - 7 potions of lignification
 x - 11 potions of curing
 I - 2 potions of berserk rage
 L - a potion of might


   Skills:
 + Level 11.9 Fighting
 + Level 8.9 Armour
 - Level 3.7 Dodging
 + Level 11.8 Shields
 * Level 15.7 Unarmed Combat
 + Level 14.2 Invocations


You had 15 spell levels left.
You didn't know any spells.
Your spell library contained the following spells:

 Spells                   Type           Power      Damage    Failure   Level
 Necrotise                Necr           0%         1d4       45%         1
 Sting                    Conj/Alch      0%         1d3       45%         1
 Cigotuvi's Dreadful Rot  Necr/Alch/Air  0%         N/A       61%         2
 Dazzling Flash           Conj/Hex       0%         N/A       82%         3
 Frozen Ramparts          Ice            0%         1d1       82%         3
 Inner Flame              Hex/Fire       0%         N/A       82%         3
 Mephitic Cloud           Conj/Alch/Air  0%         N/A       82%         3
 Summon Ice Beast         Ice/Summ       0%         N/A       82%         3
 Vampiric Draining        Necr           0%         2d6       82%         3
 Brom's Barrelling Bould  Conj/Erth      0%         2d3       99%         4
 Flame Wave               Conj/Fire      0%         2d4       99%         4
 Ignite Poison            Fire/Alch      0%         N/A       99%         4
 Leda's Liquefaction      Alch/Erth      0%         N/A       99%         4
 Martyr's Knell           Necr/Summ      0%         N/A       99%         4
 Passage of Golubria      Tloc           0%         N/A       99%         4
 Petrify                  Alch/Erth      0%         N/A       99%         4
 Sticky Flame             Fire/Alch      0%         2d4       99%         4
 Alistair's Intoxication  Alch           0%         N/A       100%        5
 Borgnjor's Vile Clutch   Necr/Erth      0%         N/A       100%        5
 Curse of Agony           Necr           0%         N/A       100%        5
 Fireball                 Conj/Fire      0%         3d3       100%        5
 Freezing Cloud           Conj/Ice/Air   0%         6-21      100%        5
 Iskenderun's Battlesphe  Conj           0%         2d6       100%        5
 Metabolic Englaciation   Hex/Ice        0%         N/A       100%        5
 Silence                  Hex/Air        0%         N/A       100%        5
 Summon Mana Viper        Hex/Summ       0%         N/A       100%        5
 Conjure Ball Lightning   Conj/Air       0%         3x3d6     100%        6
 Eringya's Noxious Bog    Alch           0%         4d6       100%        6
 Sculpt Simulacrum        Ice/Alch       0%         N/A       100%        6
 Monstrous Menagerie      Summ           0%         N/A       100%        7
 Orb of Destruction       Conj           0%         9d5       100%        7
 Lehudib's Crystal Spear  Conj/Erth      0%         10d2      100%        8


Dungeon Overview and Level Annotations

Branches:
Dungeon (15/15)            Temple (1/1) D:5            Lair (5/5) D:9
  Swamp (1/4) Lair:2       Spider (0/4) Lair:2        Slime (0/5) Lair:5
    Orc (2/2) D:10            Elf (0/3) Orc:2        Vaults (0/5) D:14
 Depths (0/4) D:15          Sewer (visited)          Bailey (visited)
  IceCv (visited)

Altars:
Ashenzari
Cheibriados
Dithmenos
Elyvilon
Fedhas
Gozag
Hepliaklqana
Kikubaaqudgha
Makhleb
Nemelex Xobeh
Okawaru
Qazlal
Ru
Sif Muna
Trog
Uskayaw
Vehumet
Wu Jian
Xom
Yredelemnul
Zin
The Shining One
Jiyva
Lugonu

Shops:
D:2 :   D:8 :*   D:9 ?   D:13 *   Orc:2 *(?*[

Portals:
Abyss: Lair:5

Annotations:
D:13 1 runed translucent door
Swamp:1 Mlioglotl


Innate Abilities, Weirdness & Mutations

You are too large for most types of armour.
You have claws for hands.
Your natural rate of healing is unusually fast.
You are covered in fur. (AC +1)
You have tough skin. (AC +1)


Message History

Your cacodemon hits the large abomination.
Your cacodemon hits the large abomination!
Mlioglotl closely misses you.
Mlioglotl tramples you but does no damage.
You are too terrified to rage.
You completely miss Mlioglotl.
Mlioglotl is heavily wounded.
You block Mlioglotl's attack. Mlioglotl tramples you!!
You are held in place!
Your green death hits the large abomination!
You block the large abomination's attack.
Your cacodemon hits the large abomination!
The large abomination is destroyed!
The large abomination disappears in a puff of smoke!
The starspawn tentacle constricts you.
You block the tentacled starspawn's attack. x2
You attempt to attack Mlioglotl, but flinch away in fear!
Mlioglotl hits you! Mlioglotl tramples you!!
You are held in place!
Unknown command.
You feel very mighty all of a sudden. The large abomination hits you.
Your green death hits Mlioglotl!!
Your cacodemon hits the large abomination! x2
The tentacled starspawn bites you!!
* * * LOW HITPOINT WARNING * * *
You block the tentacled starspawn's attack.
The starspawn tentacle constricts you. You block Mlioglotl's attack.
Mlioglotl completely misses you.
You attempt to attack Mlioglotl, but flinch away in fear!
Mlioglotl hits you!
* * * LOW HITPOINT WARNING * * *
Mlioglotl tramples you but does no damage.
The large abomination barely misses you.
The starspawn tentacle constricts you.
Your green death hits Mlioglotl!
Your cacodemon barely misses the large abomination.
Your cacodemon hits the large abomination.
The glowing orange brain pulsates.
The glowing orange brain radiates an aura of fear!
You resist with almost no effort.
You block the tentacled starspawn's attack.
The tentacled starspawn tentacle-slaps you!
You die...

..~~~~~~.~.~~ ♣~...# .
...~..~~~.~~~.♣~.. ♣.....##.
##.....~~~.~~~♣~♣..
.~......####....~..~~♣~♣♣♣..♣~
♣~..........~.~§~~~~~♣♣♣♣~§♣♣
♣..~...(..~~~~~.~~~~.♣~♣♣♣♣♣
♣♣.$~§~~~~~~Λ~.....~~~.§.~~.♣
♣.~~.~.~~~~Xww~.♣♣~.~~~~§~~..
♣.~~..$..~XX@.~.♣~~...~~~~~~.
♣~.~..($~~~X2............~~~.
♣♣.$#~♣.~~~G2..[.##.####..~~†
♣♣♣♣♣♣.~~~~..~~~#.........~~
♣.~~~~~~~~~~#.....#.....
♣~~~~~~~~~~~~.....#....~
♣.~~.~~§~§~~....~..#....♣
♣.§~.~~~~~...~♣.~..#...♣.
.......♣~.♣~~...#.♣~♣.


You could see Mlioglotl (strong, scary, ally target), a tentacled starspawn
(summoned), a glowing orange brain (summoned), 2 large abominations, 2 starspawn
tentacles, a friendly cacodemon (summoned) and a friendly green death
(summoned).

Vanquished Creatures
  2 quicksilver oozes (IceCv)
  An eleionoma (Swamp:1)
  A bunyip (Swamp:1)
  A merfolk impaler (D:12)
  3 rakshasas (D:15)
  3 hydras
  A catoblepas (Lair:2)
  3 alligators (Swamp:1)
  7 centaur warriors
  An ogre mage (D:15)
  A ghost crab (Swamp:1)
  The ghost of diceflayer the Martial Artist, a journeyman DsFi (D:12)
  7 two-headed ogres
  3 tengu warriors (D:15)
  7 death yaks
  2 boulder beetles
  4 thrashing horrors (Lair:5)
  An occultist (D:11)
  Nergalle (Lair:3)
  3 skysharks
  5 skeletal warriors
  A large abomination (Lair:5)
  7 orc knights
  A harpy (shapeshifter) (D:14)
  2 bog bodies (Swamp:1)
  2 deep elf pyromancers
  A necromancer (D:15)
  An orc sorcerer (Orc:1)
  15 ugly things
  2 cyclopes
  8 manticores
  3 kobold blastminers
  9 black mambas
  A centaur zombie (D:15)
  A black mamba (shapeshifter) (Lair:5)
  A gargoyle (D:12)
  A smoke demon (Lair:5)
  2 ice statues (IceCv)
  A kobold demonologist (D:11)
  Jeremiah (D:6)
  9 komodo dragons
  Maggie (D:9)
  A torpor snail (Lair:4)
  13 cane toads
  2 unseen horrors (D:11)
  An efreet (D:11)
  A centaur skeleton (D:15)
  A rime drake (Lair:3)
  3 tengu conjurers
  2 trolls (shapeshifter)
  2 polar bears
  7 trolls
  A wolf spider simulacrum (D:15)
  14 blink frogs
  5 tyrant leeches
  A hornet (Swamp:1)
  Grinder (D:4)
  A jumping spider (shapeshifter) (Lair:5)
  A raiju (Lair:5)
  Sigmund (D:3)
  10 slime creatures
  A ynoxinul (Lair:5)
  4 spriggans
  2 yaks (shapeshifter)
  5 wraiths
  3 vampires
  Eustachio (D:4)
  58 yaks
  7 basilisks
  10 wyverns
  2 wargs
  2 steam dragons (Lair:2)
  12 vampire mosquitoes
  A chaos spawn (Lair:5)
  Menkaure (D:7)
  3 death yak simulacra (D:13)
  3 swamp worms
  12 small abominations (Lair:5)
  A great orb of eyes simulacrum (IceCv)
  3 acid dragons
  10 water moccasins
  6 sky beasts
  40 orc warriors
  2 laughing skulls (D:13)
  3 black bears
  7 ogres
  3 ice beasts
  28 centaurs
  30 wolves
  3 slime creature simulacra (IceCv)
  A lemure (D:7)
  16 bullfrogs
  2 kobold brigands
  3 gnoll sergeants (Bailey)
  3 scorpions
  8 wights (D:9)
  An elephant simulacrum (D:13)
  4 killer bees
  3 howler monkeys
  2 electric eels (D:9)
  A bombardier beetle (D:4)
  9 jellies
  12 hounds
  5 gnoll boudas
  23 orc priests
  A sleepcap (D:6)
  2 iguanas
  A troll simulacrum (D:13)
  23 orc wizards
  4 shapeshifter simulacra (IceCv)
  2 wolf simulacra (D:13)
  25 gnolls
  A naga simulacrum (D:13)
  A river rat (Sewer)
  8 adders
  3 white imps
  2 ufetubi (D:5)
  2 dart slugs
  4 ribbon worms
  74 orcs
  13 endoplasms
  11 giant cockroaches
  10 goblins
  6 hobgoblins
  4 jackals (D:1)
  4 quokkas
  13 ball pythons
  6 bats
  7 frilled lizards
  10 kobolds
  9 rats
798 creatures vanquished.

Vanquished Creatures (collateral kills)
  Jorgrun (D:13)
  Kirke (D:13)
  A thorn hunter (Swamp:1)
  An azure jelly (IceCv)
  A vault guard (D:14)
  4 hydras
  An alligator (Swamp:1)
  A boulder beetle (D:11)
  A two-headed ogre (D:11)
  A dancing weapon (D:14)
  A death knight (D:13)
  A naga warrior (D:12)
  2 death yaks (Lair:2)
  2 skeletal warriors
  A spriggan druid (Swamp:1)
  Pikel (D:7)
  2 orc knights
  An orc sorcerer (Orc:2)
  4 ugly things
  A kobold blastminer (Orc:2)
  11 slime creatures (IceCv)
  A large abomination (Lair:5)
  A rime drake (Lair:3)
  2 tyrant leeches (Swamp:1)
  7 blink frogs
  A spriggan (Swamp:1)
  3 yaks (D:8)
  2 wargs (Orc:2)
  A swamp worm (Lair:2)
  2 orc warriors (Orc:2)
  A centaur (D:13)
  5 gnoll sergeants (Bailey)
  2 orc priests (Orc:2)
  2 gnoll boudas (Bailey)
  An iguana (D:7)
  An orc wizard (Orc:2)
  A shapeshifter simulacrum (IceCv)
  A gnoll (Bailey)
  5 orcs (Orc:2)
79 creatures vanquished.

Vanquished Creatures (others)
  A tengu conjurer (D:15)
1 creature vanquished.

Grand Total: 878 creatures vanquished

Notes
Turn   | Place    | Note
-------+----------+-------------------------------------------
     0 | D:1      | sking99 the Troll Monk began the quest for the Orb.
     0 | D:1      | Reached XP level 1. HP: 22/22 MP: 0/0
   159 | D:1      | Reached XP level 2. HP: 29/29 MP: 1/1
   753 | D:1      | Reached XP level 3. HP: 36/36 MP: 2/2
   899 | D:2      | Reached skill level 4 in Unarmed Combat
   961 | D:2      | Reached XP level 4. HP: 10/45 MP: 3/3
  1117 | D:2      | Found Ruqaak's Book Shop.
  1569 | D:3      | Noticed Sigmund
  1575 | D:3      | Killed Sigmund
  1576 | D:3      | Reached skill level 5 in Unarmed Combat
  1576 | D:3      | Reached XP level 5. HP: 52/54 MP: 4/4
  1731 | D:3      | Reached XP level 6. HP: 57/62 MP: 5/5
  2019 | D:3      | Reached skill level 6 in Unarmed Combat
  2357 | D:4      | Noticed Eustachio
  2380 | D:4      | Killed Eustachio
  2381 | D:4      | Reached XP level 7. HP: 63/70 MP: 6/6
  2598 | D:4      | Reached skill level 7 in Unarmed Combat
  3213 | D:4      | Noticed Grinder
  3215 | D:4      | Paralysed by Grinder for 4 turns
  3223 | D:4      | Killed Grinder
  3224 | D:4      | Reached skill level 5 in Fighting
  3224 | D:4      | Reached skill level 8 in Unarmed Combat
  3224 | D:4      | Reached XP level 8. HP: 56/80 MP: 7/7
  3462 | D:5      | Entered Level 5 of the Dungeon
  3667 | D:5      | Reached skill level 9 in Unarmed Combat
  3916 | D:5      | Found a staircase to the Ecumenical Temple.
  3927 | Temple   | Entered the Ecumenical Temple
  3936 | Temple   | Became a worshipper of Makhleb the Destroyer
  3936 | Temple   | Reached * piety under Makhleb
  3936 | Temple   | Reached ** piety under Makhleb
  4016 | D:5      | Found a glowing drain.
  4034 | Sewer    | Entered a sewer
  4139 | Sewer    | Found a viscous altar of Jiyva.
  4335 | D:6      | Reached skill level 1 in Invocations
  4552 | D:6      | Reached XP level 9. HP: 69/89 MP: 9/9
  4688 | D:6      | Noticed Jeremiah
  4692 | D:6      | Reached *** piety under Makhleb
  4746 | D:6      | Killed Jeremiah
  4747 | D:6      | Reached skill level 10 in Unarmed Combat
  5278 | D:7      | Reached skill level 1 in Shields
  5564 | D:7      | Noticed Menkaure
  5578 | D:7      | Reached **** piety under Makhleb
  5584 | D:7      | Killed Menkaure
  5585 | D:7      | Reached XP level 10. HP: 75/100 MP: 11/11
  5674 | D:7      | Identified the +1 sling of Gogubett {elec, MP+9 Str+3}
  5811 | D:7      | Noticed Pikel
  5835 | D:7      | Killed Pikel
  6067 | D:8      | Found a flagged portal.
  6086 | Bailey   | Entered a bailey
  6193 | Bailey   | Reached skill level 11 in Unarmed Combat
  6344 | Bailey   | Identified the ring of the King {Wiz rC+ Dex+3}
  6348 | Bailey   | Identified the amulet of Ziuzxu Tehir {RegenMP Rampage
                  | rElec Str+2 Dex+3}
  6671 | D:8      | Reached skill level 5 in Shields
  6724 | D:8      | Found a sacrificial altar of Ru.
  6766 | D:8      | Found Maosk's General Store.
  6825 | D:8      | Found Ityciw's Tiny Tomes.
  6832 | D:8      | Noticed a two-headed ogre
  6838 | D:8      | Killed a two-headed ogre
  6870 | D:8      | Found a glowing golden altar of the Shining One.
  6910 | D:8      | Reached skill level 5 in Invocations
  7061 | D:8      | Found a glowing silver altar of Zin.
  7062 | D:8      | Found a shadowy altar of Dithmenos.
  7212 | D:9      | Found a staircase to the Lair.
  7227 | D:9      | Reached XP level 11. HP: 108/109 MP: 13/13
  7249 | D:9      | Reached ***** piety under Makhleb
  7374 | D:9      | Noticed Maggie
  7517 | D:9      | Killed Maggie
  7690 | D:9      | Found Qeyd's Magic Scroll Shop.
  7698 | D:9      | Bought a scroll of acquirement for 676 gold pieces
  7709 | D:9      | Acquired 937 gold pieces
  7913 | D:9      | Reached skill level 1 in Armour
  8025 | Lair:1   | Entered Level 1 of the Lair of Beasts
  8291 | Lair:1   | Reached skill level 12 in Unarmed Combat
  9085 | Lair:2   | Noticed a death yak
  9086 | Lair:2   | Noticed a death yak
  9087 | Lair:2   | Noticed a death yak
  9087 | Lair:2   | Noticed a death yak
  9093 | Lair:2   | Killed a death yak
  9094 | Lair:2   | Reached XP level 12. HP: 122/122 MP: 16/16
  9099 | Lair:2   | Killed a death yak
  9104 | Lair:2   | Killed a death yak
  9113 | Lair:2   | Killed a death yak
  9439 | Lair:2   | Noticed a catoblepas
  9449 | Lair:2   | Killed a catoblepas
  9539 | Lair:2   | Found a hole to the Spider Nest.
  9862 | Lair:2   | Noticed a seven-headed hydra
  9870 | Lair:2   | Killed an 11-headed hydra
  9877 | Lair:2   | Reached XP level 13. HP: 68/131 MP: 18/18
  9930 | Lair:2   | Found a staircase to the Swamp.
 10357 | Lair:3   | Noticed Nergalle
 10368 | Lair:3   | Killed Nergalle
 10594 | Lair:3   | Reached skill level 13 in Unarmed Combat
 10607 | Lair:3   | Reached skill level 5 in Armour
 10829 | Lair:3   | Reached skill level 10 in Invocations
 11791 | Lair:4   | Acquired 657 gold pieces
 12101 | Lair:5   | Entered Level 5 of the Lair of Beasts
 12101 | Lair:5   | Found a staircase to the Slime Pits.
 12122 | Lair:5   | Found a viscous altar of Jiyva.
 12572 | Lair:5   | Reached skill level 10 in Fighting
 12754 | Lair:5   | Reached XP level 14. HP: 143/143 MP: 21/21
 12896 | Lair:5   | Identified the ring of Arrival {+Blink Fly}
 13002 | Lair:5   | Found a corrupted altar of Lugonu.
 13002 | Lair:5   | Found a one-way gate to the infinite horrors of the Abyss.
 13513 | D:10     | Entered Level 10 of the Dungeon
 13871 | D:10     | Found a staircase to the Orcish Mines.
 14212 | D:10     | Reached skill level 10 in Shields
 14213 | D:10     | Reached ****** piety under Makhleb
 14252 | Orc:1    | Entered Level 1 of the Orcish Mines
 14286 | Orc:1    | Found a bloodstained altar of Trog.
 14477 | Orc:2    | Entered Level 2 of the Orcish Mines
 14477 | Orc:2    | Found Zotiv's Assorted Antiques.
 15180 | Orc:2    | Reached skill level 14 in Unarmed Combat
 15364 | Orc:2    | Found a staircase to the Elven Halls.
 15535 | Orc:2    | Found Figitzeo's Assorted Antiques.
 15535 | Orc:2    | Found Nioghiud's Magic Scroll Shoppe.
 15537 | Orc:2    | Found Efucefaoke's Weapon Emporium.
 15539 | Orc:2    | Found Quuhy's Antique Armour Shop.
 15551 | Orc:2    | Bought a runed cloak for 232 gold pieces
 15565 | Orc:2    | Bought 2 scrolls of blinking for 540 gold pieces
 15565 | Orc:2    | Bought a scroll of identify for 72 gold pieces
 16436 | D:11     | Identified the +8 dagger of Zin's Inspiration {venom,
                  | Stlth+}
 16445 | D:11     | Reached XP level 15. HP: 121/152 MP: 23/23
 17022 | D:12     | Got Jeizib's Spellbook of the Panacea
 17185 | D:12     | Found a runed translucent gate.
 17185 | D:12     | Found a runed translucent gate.
 17186 | D:12     | Found a runed translucent gate.
 17186 | D:12     | Noticed diceflayer's ghost (journeyman DsFi)
 17187 | D:12     | Found an iron altar of Okawaru.
 17188 | D:12     | Found the +5 demon whip "Spellbinder" {antimagic, disrupt,
                  | Will+}
 17429 | D:12     | Killed diceflayer's ghost
 17553 | D:12     | Acquired 807 gold pieces
 17559 | D:13     | Found a frozen archway.
 17619 | IceCv    | Entered an ice cave
 17980 | IceCv    | Found a viscous altar of Jiyva.
 17980 | IceCv    | Noticed an azure jelly
 17988 | IceCv    | Killed an azure jelly
 18030 | IceCv    | Found the +2 Maxwell's thermic engine {flame, freeze, rev}
 18211 | IceCv    | Identified the ring of the Sixty-Six Queens {Wiz Int+4}
 18213 | IceCv    | Identified the +1 ring mail "Vuostro" {Rampage Dex+3}
 18384 | D:13     | Noticed Kirke
 18388 | D:13     | Killed Kirke
 18390 | D:13     | Noticed Jorgrun
 18397 | D:13     | Killed Jorgrun
 19086 | D:13     | Identified the +0 chain mail "Myral" {*Corrode rF+ Int+2}
 19097 | D:13     | Found a runed translucent door.
 19179 | D:13     | Found Foshablim's Orb Outfitters.
 19440 | D:14     | Found a gate to the Vaults.
 19713 | D:14     | Found a shimmering blue altar of Sif Muna.
 19898 | D:15     | Entered Level 15 of the Dungeon
 19911 | D:14     | Reached XP level 16. HP: 134/163 MP: 25/25
 19955 | D:15     | Reached skill level 15 in Unarmed Combat
 20057 | D:15     | Identified the +7 mace of Posib {elec, ^Contam rF+ rC+}
 20726 | D:15     | Found a staircase to the Depths.
 21495 | Swamp:1  | Entered Level 1 of the Swamp
 21681 | Swamp:1  | Noticed a thorn hunter
 21692 | Swamp:1  | Killed a thorn hunter
 21902 | Swamp:1  | Noticed Mlioglotl
 21910 | Swamp:1  | Noticed a tentacled starspawn
 21921 | Swamp:1  | HP: 6/165 [Mlioglotl (17)]
 21921 | Swamp:1  | Slain by a tentacled starspawn

Illustrated notes

Levels and vault maps discovered:
D:1:      dpeg_arrival_boxorama, layout_basic
D:2:      layout_loops_cross, serial_shops, shop
D:3:      layout_basic, uniq_sigmund
D:4:      layout_layer_cave, uniq_grinder, uniq_eustachio
D:5:      layout_rooms, minmay_temple_entry_glassed_door, portal_sewer_entry_b,
          nicolae_elevator_lobby_asterisk
D:6:      kennysheep_spiral_hall, layout_basic, uniq_jeremiah
D:7:      layout_loops_ring, grunt_ministairs_7, minmay_misc_feat_columns,
          uniq_pikel, uniq_menkaure
D:8:      layout_cave_pools, tso_oasis_becter, gammafunk_temple_overflow_pools,
          nicolae_overflow_crystal_walls, serial_shops,
          nicolae_shop_gibbet_a_chance, enter_bailey_3,
          nicolae_shop_i_like_small_books_too
D:9:      layout_loops_ring, erik_lair_island, serial_shops,
          nicolae_stop_n_shop_2, uniq_maggie
D:10:     layout_loops_ring, david_orc_1_choice
D:11:     minmay_the_grid_triangle_9x9_recursive_3
          [minmay_the_grid_triangle_9x9_skeleton,
          minmay_the_grid_triangle_9x9_dagger,
          minmay_the_grid_triangle_9x9_shrine,
          minmay_the_grid_triangle_9x9_prize_top_heavy,
          minmay_the_grid_triangle_9x9_semitri,
          minmay_the_grid_triangle_9x9_descending_squares,
          minmay_the_grid_triangle_9x9_flanged_cone,
          minmay_the_grid_triangle_9x9_sparse_checkered,
          minmay_the_grid_triangle_9x9_swiss_cheese], layout_irregular_city,
          minmay_misc_feat_diagonals
D:12:     layout_rooms, gammafunk_ghost_fury_of_okawaru,
          kennysheep_big_empty_room, kennysheep_generic_room_2
D:13:     layout_basic, serial_curves, eino_curves_03, eino_curves_01,
          eino_curves_01, eino_curves_04, portal_ice_cave_entry_ice_simulacra,
          tekkud_shop_of_orbs, uniq_kirke, uniq_jorgrun
D:14:     layout_basic, erik_vaults_1, serial_park_paths
          [serial_park_minivault_5x5_7], kennysheep_orc_sif_temple
D:15:     grunt_enter_depths_magical_seal, layout_layer_cave
Temple:   regret_index_temple_chain_breaker
Lair:1:   layout_cave_pods, serial_bayou_ford_a
Lair:2:   nzn_winding_woodlands_cross [nzn_winding_woodlands_5x15_pool,
          nzn_winding_woodlands_5x15_concentric,
          nzn_winding_woodlands_5x15_river_crossing,
          nzn_winding_woodlands_5x15_zeroes,
          nzn_winding_woodlands_15x15_killbox], layout_long_grid,
          palyth_hydra_swamp_entry, spider_nest_entry_web_field
Lair:3:   layout_cave_pods, uniq_nergalle
Lair:4:   layout_gridlike
Lair:5:   hellmonk_lair_end_abyssal_woods, layout_regular_city,
          nicolae_slime_entry_field_trip, minivault_19
Swamp:1:  layout_basic_swamp, serial_swamp_ruin, evilmike_swamp_ruin_house_2,
          evilmike_swamp_ruin_house_4, swamp_pool_4, uniq_mlioglotl
Orc:1:    layout_caves, basic_altar
Orc:2:    st_orc_rangers, layout_diamond_mine, basic_altar, serial_shops,
          nicolae_shop_statue_plus, nicolae_orc_hostile_takeover, mines1_david

Skill      XL: |  1  2  3  4  5  6  7  8  9 10 11 12 13 14 15 16 |
---------------+-------------------------------------------------+-----
Unarmed Combat | 4 5 6 8 9 10 11 12 13 14 15 | 15.7
Fighting       | 3 4 5 6 7 8 9 10 11 | 11.9
Invocations    | 1 3 5 7 9 11 12 13 14 | 14.2
Dodging        | 3 |  3.7
Shields        | 3 6 7 8 9 10 11 | 11.8
Armour         | 2 4 6 7 8 |  8.9

Action                     |  1- 3 |  4- 6 |  7- 9 | 10-12 | 13-15 | 16-18 || total
---------------------------+-------+-------+-------+-------+-------+-------++-------
  Melee: Unarmed           |    75 |    79 |   295 |   571 |  1311 |   235 ||  2566
 Invoke: Lesser Servant of |       |       |       |     5 |     8 |     3 ||    16
         Major Destruction |       |       |       |     3 |     4 |     2 ||     9
         Minor Destruction |       |       |       |     3 |     1 |     4 ||     8
         Greater Servant o |       |       |       |     1 |    10 |     4 ||    15
    Use: Scroll            |       |     7 |    11 |     6 |     9 |     3 ||    36
         Potion            |       |       |       |     2 |     3 |     1 ||     6
   Stab: Distracted        |       |       |       |     1 |     8 |     1 ||    10
         Sleeping          |       |       |       |     6 |    12 |     1 ||    19
 Armour: Robe              |    40 |    48 |   190 |   159 |       |       ||   437
         Steam dragon scal |       |       |       |   188 |   240 |       ||   428
         Troll leather arm |       |       |       |       |   137 |       ||   137
         Acid dragon scale |       |       |       |       |   121 |   152 ||   273
  Dodge: Dodged            |    39 |    33 |    89 |   192 |   363 |    83 ||   799
  Block: Tower shield      |       |       |    39 |   463 |  1333 |   284 ||  2119
